 Dungeon Crawl Stone Soup version 0.28.0-53-g5a82cb258f (webtiles) character file.

Game seed: 15449934230273661248

5058 Labrat the Thaumaturge (level 10, -7/81 HPs)
             Began as a Demigod Conjurer on July 14, 2022.
             Mangled by a boulder beetle (58 damage)
             ... on level 9 of the Dungeon.
             The game lasted 00:32:52 (12324 turns).

Labrat the Thaumaturge (Demigod Conjurer)          Turns: 12324, Time: 00:32:53

Health: -7/81      AC: 13    Str:  8    XL:     10   Next: 10%
Magic:  22/27      EV: 12    Int: 32    God:
Gold:   588        SH:  0    Dex: 12    Spells: 16/27 levels left

rFire   . . .      SeeInvis .   w - +1 spear (flame)
rCold   . . .      Faith    .   (no shield)
rNeg    . . .      Spirit   .   a - +0 robe
rPois   .          Reflect  .   (no helmet)
rElec   .          Harm     .   (no cloak)
rCorr   .          Rampage  .   (no gloves)
Will    +....                   J - +2 pair of boots
Stlth   ++........              (no amulet)
HPRegen 0.23/turn               D - +4 ring of protection
MPRegen 0.20/turn               k - +4 ring of protection

@: no status effects
A: high MP 1, forlorn, divine attributes
a: no special abilities


You were on level 9 of the Dungeon.
You visited 2 branches of the dungeon, and saw 10 of its levels.
You also visited: Sewer.

You collected 588 gold pieces.

Inventory:

Hand Weapons
 w - a +1 spear of flaming (weapon)
Missiles
 l - 11 poisoned darts
 C - 3 atropa-tipped darts
Armour
 a - a +0 robe (worn)
 J - a +2 pair of boots (worn)
Jewellery
 k - a +4 ring of protection (right hand)
 m - a ring of flight
 B - a +6 ring of strength
 D - a +4 ring of protection (left hand)
 F - a ring of see invisible
Wands
 v - a wand of mindburst (9)
 x - a wand of flame (7)
 G - a wand of charming (12)
 N - a wand of digging (3)
Scrolls
 b - a scroll of silence
 d - a scroll of noise
 e - a scroll of amnesia {unknown}
 i - 5 scrolls of teleportation
 n - a scroll of fear {unknown}
 o - a scroll of torment {unknown}
 p - 2 scrolls of enchant weapon
 y - a scroll of fog {unknown}
 z - a scroll of immolation {unknown}
 A - 2 scrolls of enchant armour
 E - a scroll of acquirement {unknown}
 H - a scroll of blinking {unknown}
 I - a scroll of brand weapon {unknown}
 K - a scroll of vulnerability {unknown}
Potions
 c - 5 potions of curing
 f - a potion of magic {unknown}
 g - 4 potions of lignification
 h - a potion of resistance {unknown}
 j - 5 potions of flight
 q - a potion of berserk rage {unknown}
 r - 6 potions of brilliance
 s - 3 potions of attraction
 t - 4 potions of haste
 u - 5 potions of mutation
 L - a potion of might {unknown}
 M - a potion of ambrosia {unknown}


   Skills:
 - Level 5.0 Fighting
 - Level 1.7 Dodging
 - Level 1.7 Stealth
 + Level 9.1 Spellcasting
 - Level 8.0 Conjurations
 - Level 5.0 Air Magic


You had 16 spell levels left.
You knew the following spells:

 Your Spells              Type           Power      Damage    Failure   Level
a - Magic Dart            Conj           100%       1d8       1%          1
b - Searing Ray           Conj           100%       2d8       1%          2
c - Summon Lightning Spi  Summ/Air       30%        N/A       12%         4
d - Iskenderun's Mystic   Conj/Tloc      40%        2d9       6%          4

Your spell library contained the following spells:

 Spells                   Type           Power      Damage    Failure   Level
 Shock                    Conj/Air       100%       1d9       1%          1
 Corpse Rot               Necr/Air       60%        N/A       1%          2
 Poisonous Vapours        Pois/Air       60%        N/A       1%          2
 Dazzling Flash           Conj/Hex       80%        N/A       1%          3
 Swiftness                Air            46%        N/A       1%          3
 Summon Small Mammal      Summ           56%        N/A       3%          1
 Airstrike                Air            23%        N/A       4%          4
 Fulminant Prism          Conj/Hex       20%        3d13      6%          4
 Lightning Bolt           Conj/Air       27%        1d43      6%          5
 Call Canine Familiar     Summ           14%        N/A       10%         3
 Portal Projectile        Hex/Tloc       28%        N/A       10%         3
 Summon Guardian Golem    Hex/Summ       14%        N/A       10%         3
 Fireball                 Conj/Fire      20%        3d10      19%         5
 Animate Dead             Necr           7%         N/A       32%         4
 Leda's Liquefaction      Hex/Erth       7%         N/A       32%         4
 Olgreb's Toxic Radiance  Pois           14%        N/A       32%         4
 Passage of Golubria      Tloc           14%        N/A       32%         4
 Silence                  Hex/Air        15%        N/A       32%         5
 Borgnjor's Vile Clutch   Necr/Erth      7%         N/A       67%         5
 Starburst                Conj/Fire      20%        6d7       69%         6
 Death Channel            Necr           7%         N/A       99%         6
 Ozocubu's Refrigeration  Ice            7%         4d6       100%        7
 Ignition                 Fire           7%         3d4       100%        8
 Lehudib's Crystal Spear  Conj/Erth      20%        10d6      100%        8


Dungeon Overview and Level Annotations

Branches:
Dungeon (9/15)             Temple (1/1) D:6           Sewer (visited)
   Lair: D:8-11         Orc: D:9-12


Innate Abilities, Weirdness & Mutations

You have an increased reservoir of magic. (+10% MP)
You shall have no god before yourself.
Your divine heritage dramatically boosts your attributes as you level up.


Message History

L - a coppery potion
M - a golden potion
N - a wand of digging (3)
You open the large door.
Found a ring mail.
An orc priest and a shadow come into view.
Found a flail and 23 gold pieces.
The orc priest shouts!
There is a large open door here.
Cast which spell? (? or * to list)
Aiming: Magic Dart (safe; 1% risk of failure)
Press: ? - help, Shift-Dir - straight line, f - orc priest
Aim: an orc priest, wielding a +0 club (100% to hit)
The magic dart hits the orc priest.
The orc priest is lightly wounded.
The orc priest invokes the aid of Beogh against you.
Beogh smites you!
A centaur comes into view.
Casting: Magic Dart (safe; 1% risk of failure)
Confirm with . or Enter, or press ? or * to list all spells.
Aiming: Magic Dart (safe; 1% risk of failure)
Press: ? - help, Shift-Dir - straight line, f/p - orc priest
Aim: an orc priest, wielding a +0 club (lightly wounded, 100% to hit)
The magic dart hits the orc priest.
The orc priest is moderately wounded.
A boulder beetle comes into view.
The centaur wields a +0 shortbow.
The centaur shoots an arrow.
The arrow hits you.
The shadow slips into darkness.
The shadow flickers and vanishes!
Deactivating autopickup; reactivate with Ctrl-A.
You close the large door.
A centaur opens the large door.
The boulder beetle curls into a ball and begins rolling!
The centaur shoots an arrow.
The arrow hits you!
Casting: Magic Dart (safe; 1% risk of failure)
Confirm with . or Enter, or press ? or * to list all spells.
An electric hum fills the air.
The centaur shoots an arrow.
The arrow hits you! The boulder beetle hits you!!!
Ouch! That really hurt!
You die...

#.$#++#).#
[#....#?
#......#
+......+
+.o....+
#......#
#c8.○#
#'B#
#@.#####
#......#
#.######
#.# #.#
#.# #.#
#.# #.#


You could see a boulder beetle (rolling), a centaur (ally target), an orc priest
and a friendly lightning spire (summoned).

Vanquished Creatures
  A two-headed ogre (D:8)
  Pikel (D:7)
  A wyvern (D:8)
  6 yaks
  A steam dragon (D:8)
  A water moccasin (D:7)
  A sky beast (D:5)
  An ice beast (D:8)
  A necrophage (D:3)
  3 centaurs
  4 ogres
  2 lemures (D:7)
  5 bullfrogs
  A scorpion (D:5)
  2 wyvern skeletons (D:7)
  A howler monkey (D:7)
  4 wights (D:8)
  A crimson imp (D:8)
  A centaur zombie (D:8)
  A centaur skeleton (D:6)
  A hound (D:4)
  2 orc priests
  A bullfrog skeleton (D:6)
  3 iguanas
  5 orc wizards
  Ijyb (D:3)
  A hound zombie (D:5)
  Robin (D:3)
  4 river rats (Sewer)
  12 adders
  3 gnolls (D:4)
  2 white imps
  3 worms
  2 dart slugs
  23 orcs
  12 bats
  7 endoplasms
  10 giant cockroaches
  16 goblins
  13 hobgoblins
  5 jackals (Sewer)
  8 kobolds
  6 quokkas
  10 ball pythons
  13 frilled lizards
  A rat (D:1)
204 creatures vanquished.

Vanquished Creatures (collateral kills)
  A nameless horror (D:8)
  2 yaks (D:8)
  An orc warrior (D:7)
  A centaur (D:8)
  An orc priest (D:7)
6 creatures vanquished.

Vanquished Creatures (others)
  6 plants (D:5)
6 creatures vanquished.

Grand Total: 216 creatures vanquished

Notes
Turn   | Place    | Note
-------+----------+-------------------------------------------
     0 | D:1      | Labrat the Demigod Conjurer began the quest for the Orb.
     0 | D:1      | Reached XP level 1. HP: 14/14 MP: 5/5
   222 | D:1      | Reached skill level 2 in Spellcasting
   389 | D:1      | Reached XP level 2. HP: 20/20 MP: 5/7
   898 | D:1      | Learned a level 2 spell: Searing Ray
  1493 | D:2      | Reached XP level 3. HP: 26/26 MP: 6/9
  1895 | D:2      | Identified the +2 ring mail of Zeriph {rF+ Dex+4}
  2596 | D:3      | Noticed Ijyb
  2640 | D:3      | Reached XP level 4. HP: 29/33 MP: 6/11
  2722 | D:3      | Reached skill level 3 in Spellcasting
  2876 | D:3      | Found a glowing drain.
  2881 | Sewer    | Entered a sewer
  3291 | Sewer    | Reached XP level 5. HP: 38/38 MP: 10/13
  3495 | Sewer    | Reached skill level 5 in Conjurations
  3881 | Sewer    | Reached skill level 4 in Spellcasting
  4470 | D:3      | Noticed Robin
  4474 | D:3      | Killed Robin
  5534 | D:3      | Killed Ijyb
  5628 | D:4      | Noticed a necrophage
  5875 | D:4      | Reached XP level 6. HP: 45/45 MP: 8/16
  6193 | D:4      | Reached skill level 5 in Spellcasting
  6404 | D:5      | Entered Level 5 of the Dungeon
  6409 | D:5      | Reached skill level 1 in Fighting
  6816 | D:5      | Reached XP level 7. HP: 58/58 MP: 8/17
  7676 | D:6      | Reached skill level 5 in Fighting
  7681 | D:6      | Learned a level 4 spell: Summon Lightning Spire
  7922 | D:6      | Reached skill level 1 in Air Magic
  8497 | D:6      | Found a staircase to the Ecumenical Temple.
  8511 | Temple   | Entered the Ecumenical Temple
  8913 | D:3      | Reached XP level 8. HP: 68/68 MP: 13/20
  9020 | D:6      | Reached skill level 6 in Spellcasting
  9979 | D:7      | Noticed Pikel
  9988 | D:7      | Killed Pikel
 10350 | D:7      | Reached XP level 9. HP: 74/74 MP: 14/23
 10578 | D:8      | Noticed a two-headed ogre
 10587 | D:7      | Learned a level 4 spell: Iskenderun's Mystic Blast
 10598 | D:8      | Killed a two-headed ogre
 10599 | D:8      | Reached skill level 7 in Spellcasting
 10599 | D:8      | Reached skill level 5 in Air Magic
 10748 | D:8      | Reached skill level 8 in Spellcasting
 11195 | D:8      | Noticed a nameless horror
 11631 | D:8      | Killed a nameless horror
 11951 | D:9      | Reached XP level 10. HP: 58/81 MP: 21/27
 12101 | D:9      | Reached skill level 9 in Spellcasting
 12321 | D:9      | Noticed a boulder beetle
 12324 | D:9      | Mangled by a boulder beetle

Illustrated notes

Levels and vault maps discovered:
D:1:      nzn_arrival_crosshair, layout_loops_ring,
          ebering_ecumenical_altar_box, minmay_pentomino_q2
D:2:      layout_basic
D:3:      kb_forest_paths, layout_basic, led_sif_pool, portal_sewer_entry_e,
          dk_vineyard_1, minmay_misc_feat_doors, kennysheep_potato, uniq_ijyb,
          uniq_robin
D:4:      layout_basic
D:5:      layout_basic, mainiacjoe_overflow_concentric_impassable,
          minmay_lizard_king
D:6:      layout_basic, minmay_temple_entry_hall
D:7:      layout_basic, kennysheep_generic_room_14, uniq_pikel
D:8:      layout_rooms, minitemple, makhleb_grotto_becter
D:9:      layout_loops_ring, lightli_fourway_metalbox
Temple:   minmay_temple_curvy_loop

Skill      XL: |  1  2  3  4  5  6  7  8  9 10 |
---------------+-------------------------------+-----
Spellcasting   | 2 3 4 5 6 8 9 |  9.1
Conjurations   | 4 5 6 8 |  8.0
Fighting       | 3 5 |  5.0
Air Magic      | 2 4 5 |  5.0
Dodging        | |  1.7
Stealth        | |  1.7

Action                   |  1- 3 |  4- 6 |  7- 9 | 10-12 || total
-------------------------+-------+-------+-------+-------++-------
Melee: Unarmed           |     7 |       |       |       ||     7
       Dagger            |     4 |    16 |       |       ||    20
       Spear             |       |     2 |     8 |       ||    10
 Cast: Magic Dart        |   110 |   134 |    65 |     3 ||   312
       Searing Ray       |     3 |    23 |    53 |     3 ||    82
       Summon Lightning  |       |       |     7 |     1 ||     8
       Iskenderun's Myst |       |       |     4 |     1 ||     5
  Use: Potion            |       |       |     1 |       ||     1
       Scroll            |       |       |    10 |       ||    10
 Stab: Sleeping          |       |     1 |       |       ||     1
Armor: Robe              |     4 |    22 |    50 |     2 ||    78
Dodge: Dodged            |    14 |    42 |    47 |     2 ||   105
